Map: Inside and Out

Players

DPGJieShi (Jieshi)

  • Race: Protoss Protoss
  • Spawn Location: 1:00

SpeCial - Winner!

  • Race: Terran Terran
  • Spawn Location: 7:00

Event: DreamHack SC2 Masters 2022 Atlanta (Offline)

VOD

Have the link to the VOD?

Description

Time

  • Played on: Nov. 18, 2022, 10:40 a.m.
  • Length: 9:37

All games in this series

Show
View Real Time Build Order
Export as new Build Order

DPGJieShi Protoss 

Build Orders: 1 Gate Expand, Blink Stalkers, Colossus Rush 

Get SALT Encoding   

  12  0:00  Probe  
  13  0:12  Probe  
  14  0:17  Pylon  
  14  0:25  Probe (Chrono Boost)  
  15  0:37  Gateway, Probe (Chrono Boost)  
  16  0:44  Probe (Chrono Boost)  
  16  0:47  Assimilator  
  17  0:51  Probe  
  18  1:03  Probe  
  19  1:15  Probe  
  20  1:23  Cybernetics Core  
  20  1:31  Nexus  
  20  1:37  Pylon  
  20  1:40  Probe  
  20  1:46  Assimilator  
  21  1:52  Probe  
  22  1:57  Adept (Chrono Boost)  
  22  1:59  Warp Gate  
  24  2:04  Probe  
  25  2:16  Probe  
  25  2:18  Twilight Council  
  26  2:25  Stalker (Chrono Boost)  
  26  2:29  Probe  
  29  2:43  Gateway, Probe (Chrono Boost)  
  31  2:45  Probe (Chrono Boost)  
  31  2:53  Probe (Chrono Boost)  
  31  2:55  Probe (Chrono Boost)  
  32  3:01  Probe, Blink (Chrono Boost)  
  32  3:05  Probe  
  34  3:13  Probe  
  34  3:17  Robotics Facility, Probe  
  34  3:25  Probe  
  35  3:29  Probe  
  36  3:37  Probe  
  37  3:41  Nexus, Probe  
  37  3:45  Pylon  
  38  3:50  Stalker  
  38  3:51  Probe  
  38  3:53  Probe  
  42  3:58  Stalker  
  44  4:05  Observer  
  44  4:06  Probe x2  
  45  4:17  Stalker  
  45  4:18  Probe  
  45  4:22  Stalker  
  44  4:30  Probe  
  45  4:38  Probe, Assimilator  
  45  4:40  Assimilator  
  45  4:42  Probe  
  47  4:52  Probe (Chrono Boost)  
  47  4:55  Robotics Bay, Probe (Chrono Boost)  
  47  4:57  Probe (Chrono Boost)  
  49  5:05  Probe (Chrono Boost)  
  49  5:06  Probe x2 (Chrono Boost)  
  52  5:07  Observer  
  52  5:09  Pylon  
  52  5:10  Probe (Chrono Boost)  
  52  5:11  Probe (Chrono Boost), Pylon  
  56  5:14  Probe  
  56  5:21  Probe  
  57  5:22  Observer  
  57  5:23  Probe  
  57  5:26  Probe  
  59  5:33  Shield Battery  
  59  5:34  Shield Battery  
  59  5:35  Probe  
  59  5:42  Colossus (Chrono Boost), Probe x2  
  61  5:49  Probe  
  67  5:51  Extended Thermal Lance  
  67  5:54  Probe  
  67  5:55  Probe  
  69  6:03  Charge (Chrono Boost)  
  68  6:06  Pylon  
  68  6:09  Probe x3, Forge  
  71  6:13  Gateway  
  71  6:16  Gateway  
  71  6:18  Sentry  
  73  6:22  Colossus (Chrono Boost)  
  73  6:27  Probe  
  73  6:29  Probe  
  73  6:31  Probe  
  82  6:38  Stalker  
  82  6:39  Probe  
  85  6:46  Stalker  
  87  6:50  Probe  
  87  6:51  Probe  
  88  7:09  Probe  
  88  7:11  Protoss Ground Weapons Level 1  
  88  7:16  Probe  
  88  7:21  Gateway, Probe  
  88  7:22  Gateway  
  90  7:23  Pylon  
  90  7:27  Pylon  
  90  7:29  Zealot, Assimilator  
  92  7:32  Pylon  
  92  7:35  Probe  
  93  7:38  Pylon  
  93  7:41  Probe  
  93  7:55  Stalker x3  
  93  7:56  Gateway, Stalker  
  93  7:57  Gateway  
  79  8:14  Probe  
  79  8:15  Probe  
  79  8:16  Stalker  
  79  8:22  Zealot x2, Pylon  
  79  8:23  Zealot x2  
  79  8:25  Pylon  
  79  8:26  Probe  
  87  8:27  Probe  
  87  8:31  Colossus (Chrono Boost)  
  87  8:32  Pylon  
  87  8:37  Pylon  
  87  8:38  Probe  
  87  8:41  Pylon  
  94  8:44  Pylon  
  94  8:45  Photon Cannon  
  94  8:47  Shield Battery  
  94  8:51  Probe (Chrono Boost)  
  94  8:52  Nexus  
  94  8:53  Probe (Chrono Boost)  
  94  8:54  Pylon  
  96  8:59  Zealot x3  
  96  9:02  Probe (Chrono Boost)  
  100  9:04  Probe x2 (Chrono Boost)  
  100  9:08  Photon Cannon  
  98  9:14  Probe x2 (Chrono Boost)  
  98  9:15  Sentry  
  101  9:17  Sentry  
  93  9:26  Zealot x3  
  93  9:31  Zealot x5  
Show
View Real Time Build Order
Export as new Build Order

SpeCial Terran - Winner!

Build Orders: 1/1/1 

Get SALT Encoding   

  12  0:00  SCV  
  13  0:12  SCV  
  14  0:17  Supply Depot  
  14  0:24  SCV  
  15  0:38  SCV  
  15  0:39  Barracks  
  16  0:43  Refinery  
  16  0:50  SCV  
  16  0:53  Refinery  
  17  1:02  SCV  
  18  1:15  SCV  
  19  1:27  Supply Depot, Reaper, Orbital Command  
  20  1:42  Factory  
  20  1:52  SCV  
  21  2:04  Barracks Reactor, SCV  
  22  2:14  Command Center  
  22  2:17  SCV  
  23  2:26  Hellion  
  23  2:29  Starport  
  25  2:32  SCV  
  26  2:39  Supply Depot  
  26  2:41  Marine x2  
  28  2:45  SCV  
  28  2:50  Widow Mine  
  31  3:01  SCV  
  31  3:03  Marine x2  
  33  3:09  Medivac  
  33  3:13  SCV  
  33  3:15  Widow Mine  
  36  3:23  Marine x2  
  36  3:25  SCV  
  39  3:38  SCV, Factory Tech Lab  
  39  3:40  Marine, Starport Tech Lab  
  39  3:41  Marine  
  42  3:44  Orbital Command  
  42  3:50  SCV  
  43  3:58  Cyclone, Marine x2  
  48  4:06  SCV  
  48  4:07  Banshee  
  48  4:19  SCV x2  
  49  4:29  Barracks  
  47  4:31  SCV x2  
  47  4:35  Barracks  
  48  4:43  SCV  
  48  4:45  SCV  
  52  4:46  Supply Depot  
  52  4:48  Siege Tank  
  53  4:55  SCV  
  54  5:04  Supply Depot  
  54  5:06  SCV, Raven, Marine x2  
  59  5:08  SCV  
  59  5:11  Refinery  
  59  5:12  Engineering Bay  
  60  5:18  SCV  
  60  5:20  SCV  
  62  5:23  Marine  
  62  5:24  Marine x2  
  65  5:30  SCV  
  65  5:32  Supply Depot, SCV  
  65  5:33  Stimpack, Marauder  
  66  5:43  SCV, Factory Reactor  
  66  5:44  SCV  
  66  5:45  Terran Infantry Weapons Level 1  
  66  5:47  Marine x2  
  66  5:48  Refinery  
  70  5:55  SCV  
  70  5:56  SCV  
  72  5:57  Marauder x2, Starport Reactor  
  76  6:07  SCV  
  76  6:10  Combat Shield  
  76  6:11  Supply Depot, Command Center  
  77  6:15  Marine x2  
  79  6:19  SCV x2  
  79  6:21  Marauder x2  
  85  6:27  Supply Depot  
  85  6:33  Widow Mine x2  
  85  6:35  Supply Depot  
  85  6:37  SCV  
  85  6:38  SCV  
  88  6:40  Medivac  
  88  6:44  Medivac  
  88  6:45  Barracks  
  92  6:47  Barracks  
  92  6:54  SCV x2  
  92  6:55  Widow Mine x2  
  97  7:04  Marine x2  
  97  7:05  Marauder x2  
  104  7:08  SCV x2  
  104  7:15  Supply Depot  
  105  7:16  Widow Mine x2  
  105  7:22  Marine x2  
  111  7:23  Medivac x2  
  111  7:25  SCV x2  
  111  7:29  Missile Turret  
  117  7:37  SCV, Widow Mine x2  
  117  7:39  Terran Infantry Armor Level 1  
  117  7:41  SCV  
  117  7:42  Marine x2, Orbital Command  
  117  7:43  Barracks Reactor, Barracks Tech Lab  
  125  7:49  SCV  
  122  7:53  Medivac x2  
  127  7:58  SCV  
  127  7:59  Widow Mine x2, Marauder  
  127  8:01  Marine  
  131  8:07  Marauder  
  121  8:12  SCV  
  121  8:17  SCV x2  
  121  8:18  Supply Depot  
  119  8:20  Refinery x2, Widow Mine x2, Marine x4  
  119  8:21  Supply Depot, Marauder x2  
  119  8:23  Viking  
  130  8:30  Viking, SCV  
  130  8:31  SCV  
  133  8:40  SCV  
  133  8:41  Supply Depot, Marine x2  
  134  8:42  Supply Depot, Marine  
  134  8:43  SCV x2  
  139  8:53  Viking  
  139  8:55  Marauder x2, Marine  
  146  8:56  Widow Mine  
  146  8:59  Widow Mine  
  146  9:00  Viking  
  146  9:01  Supply Depot  
  148  9:03  Supply Depot  
  148  9:09  Supply Depot  
  146  9:10  Supply Depot  
  146  9:11  Marine x3  
  146  9:15  Ghost Academy  
  149  9:22  SCV  
Tags
 
Add a new tag
Caveats
  • Supply blocks, unpowered buildings, or Contaminate may cause inaccurate times.
  • Supply counts are checked every 10 seconds.